 Dungeon Crawl Stone Soup version 0.29-a0-563-g64e4043184 (webtiles) character file.

Game seed: 10804809331633300667

48 josefromcouch the Insei (level 3, -1/31 HPs)
             Began as a Draconian Monk on June 12, 2022.
             Slain by a gnoll
             ... wielding a +0 whip
              (2 damage)
             ... on level 1 of the Dungeon.
             The game lasted 00:03:47 (1262 turns).

josefromcouch the Insei (Draconian Monk)            Turns: 1262, Time: 00:03:47

Health: -1/31      AC:  5    Str: 13    XL:     3   Next: 50%
Magic:  3/3        EV: 13    Int: 10    God:
Gold:   70         SH:  0    Dex: 15    Spells: 2/2 levels left

rFire   . . .      SeeInvis .     - Unarmed
rCold   . . .      Faith    .   (no shield)
rNeg    . . .      Spirit   .   (body armour unavailable)
rPois   .          Reflect  .   (helmet restricted)
rElec   .          Harm     .   (no cloak)
rCorr   .          Rampage  .   (no gloves)
Will    .....                   (no boots)
Stlth   ++........              (no amulet)
HPRegen 0.10/turn               (no ring)
MPRegen 0.08/turn               (no ring)

@: no status effects
A: AC +5, unfitting armour, cold-blooded
a: no special abilities


You were on level 1 of the Dungeon.
You visited 1 branch of the dungeon, and saw 2 of its levels.

You collected 70 gold pieces.

Inventory:

Scrolls
 c - 2 scrolls of identify {unknown}
 d - a scroll of vulnerability {unknown}
Potions
 a - a potion of ambrosia
 b - a potion of lignification {unknown}
 e - 2 potions of curing {unknown}
 f - a potion of flight {unknown}
 g - a potion of heal wounds {unknown}
 h - a potion of attraction {unknown}
 i - a potion of degeneration {unknown}


   Skills:
 - Level 3.3 Fighting
 - Level 2.7 Dodging
 - Level 1.8 Stealth
 + Level 4.5 Unarmed Combat


You had 2 spell levels left.
You didn't know any spells.
Your spell library contained the following spells:

 Spells                   Type           Power      Damage    Failure   Level
 Ensorcelled Hibernation  Hex/Ice        0%         N/A       50%         2
 Passwall                 Tmut/Erth      0%         N/A       50%         2
 Ignite Poison            Fire/Tmut/Pois 0%         N/A       75%         3
 Mephitic Cloud           Conj/Pois/Air  0%         N/A       75%         3
 Swiftness                Air            0%         N/A       75%         3
 Freezing Cloud           Conj/Ice/Air   0%         6-21      100%        5


Dungeon Overview and Level Annotations

Branches:
Dungeon (2/15)

Altars:


Innate Abilities, Weirdness & Mutations

Your plain brown scales are hard. (AC +5)
You cannot fit into any form of body armour.
You are cold-blooded and may be slowed by cold attacks.


Message History

Here: a gnoll, wielding a +0 whip Item here: a war axe.
The floor.
A gnoll is nearby!
You start waiting.
A gnoll is nearby!
The gnoll hits you with a +0 whip.
You hit the gnoll but do no damage. The gnoll closely misses you.
A gnoll comes into view. It is wielding a +0 club.
The gnoll shouts!
You hit the gnoll but do no damage.
You hear a shout!
You hit the gnoll. The gnoll hits you with a +0 whip!
You barely miss the gnoll. The gnoll misses you.
The gnoll attacks as you move away! The gnoll misses you.
The gnoll attacks as you move away! The gnoll hits you but does no damage.
The gnoll attacks as you move away! The gnoll barely misses you.
The gnoll attacks as you move away! The gnoll hits you with a +0 whip.
The gnoll attacks as you move away! The gnoll hits you with a +0 whip.
The gnoll attacks as you move away! The gnoll barely misses you.
The gnoll attacks as you move away! The gnoll hits you with a +0 whip!
The gnoll attacks as you move away! The gnoll misses you.
A goblin and a ball python come into view.
Found 22 gold pieces.
The goblin shouts!
A rat comes into view.
A kobold comes into view. It is wielding a +0 dagger.
There is a stone staircase leading up here.
The kobold shouts!
The gnoll hits you with a +0 whip.
* * * LOW HITPOINT WARNING * * *
You climb upwards.
There is a stone staircase leading down here.
The gnoll attacks as you move away! The gnoll hits you with a +0 whip.
* * * LOW HITPOINT WARNING * * *
The gnoll attacks as you move away! The gnoll misses you.
The gnoll attacks as you move away! The gnoll hits you with a +0 whip.
* * * LOW HITPOINT WARNING * * *
The gnoll attacks as you move away! The gnoll hits you with a +0 whip.
You die...

..#....# #.######..###.#..##.
..##.#.# #.# #.....#......##.
.......#######.###.###.#..###.##.
...#.#.............#......#......
.........###...###.#..###.#..####
...#...........#......#......##
..)###.######..#..###.#..###..#
.### #.# ###.....#......#....##
.# ##.## #.....@.#..###.#.....##
.# ##...###.....#g...#..........#
.###...........)..##.#..###..##.#
.#........#.....#..#....#....##.#
.#.#..[..##.....#.#.##..#....##.#
.............>....#.......#####.#
..............#####.####### #.#
##.##.######### #. #.# #.##.# #.
#..


You could see a gnoll.

Vanquished Creatures
  2 worms (D:2)
  2 bats
  2 giant cockroaches (D:1)
  A goblin (D:1)
  5 hobgoblins
  7 jackals
  3 quokkas (D:1)
  5 ball pythons
  3 frilled lizards (D:1)
  4 kobolds
  2 rats (D:1)
36 creatures vanquished.

Notes
Turn   | Place    | Note
-------+----------+-------------------------------------------
     0 | D:1      | josefromcouch the Draconian Monk began the quest for the
                  | Orb.
     0 | D:1      | Reached XP level 1. HP: 19/19 MP: 1/1
   180 | D:1      | Reached XP level 2. HP: 26/26 MP: 2/2
   623 | D:1      | Reached skill level 4 in Unarmed Combat
   795 | D:1      | Reached XP level 3. HP: 31/31 MP: 3/3
  1261 | D:1      | HP: 1/31 [gnoll/+0 whip (5)]
  1262 | D:1      | Slain by a gnoll

Illustrated notes

Levels and vault maps discovered:
D:1:      onia_arrival_mini_spirals, layout_loops_ring, hangedman_decor_points
D:2:      layout_loops_cross

Skill      XL: |  1  2 |
---------------+-------+-----
Unarmed Combat | 4 |  4.5
Fighting       | |  3.3
Dodging        | |  2.7
Stealth        | |  1.8

Action                   || total
-------------------------++-------
Melee: Unarmed           ||   127
       Tailslap          ||    13
 Stab: Sleeping          ||     2
Armor: Skin              ||    35
Dodge: Dodged            ||    65

Table legend: (Time is in decaauts)
 A = Elapsed time spent in this place.
 B = Non-inter-level travel time spent in this place.
 C = Inter-level travel time spent in this place.
 D = Time resting spent in this place.
 E = Time spent auto-exploring this place.
 F = Levels seen in this place.
 G = Mean time per level.
                   A        B        C        D        E       F      G
               +--------+--------+--------+--------+--------+-----+--------+
         Total |   1252 |   1245 |      7 |    320 |    536 |   2 |  626.0 |
       Dungeon |   1252 |   1245 |      7 |    320 |    536 |   2 |  626.0 |
               +--------+--------+--------+--------+--------+-----+--------+

Top non-repeatable levels by time:
     D:1: 803 daAuts
     D:2: 449 daAuts
